 Dungeon Crawl Stone Soup version 0.29.1-15-g9cfb28693d (webtiles) character file.

Game seed: 2649299673398854994

228 DemonSlayer the Digger (level 5, -5/35 HPs)
             Began as a Demonspawn Earth Elementalist on Mar 3, 2023.
             Slain by Duvessa
             ... wielding a +0 short sword
              (10 damage)
             ... on level 4 of the Dungeon.
             The game lasted 00:05:46 (2857 turns).

DemonSlayer the Digger (DsEE)                       Turns: 2857, Time: 00:05:46

Health: -5/35      AC:  3    Str: 10    XL:     5   Next: 71%
Magic:  10/10      EV: 11    Int: 16    God:
Gold:   292        SH:  3    Dex: 14    Spells: 1/11 levels left

rFire   . . .      SeeInvis .   a - +1 whip (venom)
rCold   . . .      Faith    .   e - +0 buckler
rNeg    . . .      Spirit   .   g - +0 leather armour
rPois   .          Reflect  .   (no helmet)
rElec   .          Harm     .   (no cloak)
rCorr   .          Rampage  .   (no gloves)
Will    .....                   (no boots)
Stlth   ++........              d - amulet of magic regeneration
HPRegen 0.11/turn               (no ring)
MPRegen 0.52/turn               (no ring)

@: no status effects
A: claws 1
a: no special abilities


You were on level 4 of the Dungeon.
You visited 1 branch of the dungeon, and saw 4 of its levels.

You collected 325 gold pieces.
You spent 33 gold pieces at shops.

Inventory:

Hand Weapons
 a - a +1 whip of venom (weapon)
 f - a +0 dagger
Missiles
 i - 6 datura-tipped darts
Armour
 e - a +0 buckler (worn)
 g - a +0 leather armour (worn)
Jewellery
 d - an amulet of magic regeneration (around neck)
Wands
 c - a wand of flame (29)
Scrolls
 h - a scroll of enchant armour {unknown}
Potions
 b - a potion of magic
 j - a potion of lignification
 l - a potion of berserk rage {unknown}
 m - a potion of degeneration {unknown}
 o - 3 potions of haste {unknown}


   Skills:
 + Level 0.1 Fighting
 + Level 1.8 Armour
 + Level 1.9 Dodging
 + Level 1.9 Stealth
 + Level 3.6 Spellcasting
 + Level 0.8 Transmutations
 + Level 4.3 Earth Magic


You had one spell level left.
You knew the following spells:

 Your Spells              Type           Power      Damage    Failure   Level
a - Sandblast             Erth           32%        2d9       5%          1
b - Passwall              Tmut/Erth      9%         N/A       17%         2
c - Stone Arrow           Conj/Erth      18%        3d8       38%         3
d - Petrify               Tmut/Erth      11%        N/A       73%         4

Your spell library contained the following spells:

 Spells                   Type           Power      Damage    Failure   Level


Dungeon Overview and Level Annotations

Branches:
Dungeon (4/15)
 Temple: D:4-7

Altars:

Shops:
D:1 *

Annotations:
D:4 Dowan, Duvessa


Innate Abilities, Weirdness & Mutations

You have sharp fingernails.


Message History

Dowan shouts!
Duvessa hits you with a +0 short sword!
* * * LOW HITPOINT WARNING * * *
As you read the scroll labelled FEHYZ KUCAOH, it crumbles to dust.
Wisps of shadow whirl around you...
It was a scroll of summoning.
Duvessa hits you with a +0 short sword.
* * * LOW HITPOINT WARNING * * *
Dowan points at you and mumbles some strange words.
Your goblin is outlined in light.
Your iguana bites Duvessa but does no damage.
Your black bear barely misses Duvessa.
Your black bear closely misses Duvessa.
Your black bear claws Duvessa but does no damage.
Your hobgoblin closely misses Duvessa.
It was a potion of curing.
You feel better. Duvessa barely misses you.
Your iguana barely misses Duvessa.
Your black bear bites Duvessa.
Your black bear barely misses Duvessa. x2
Your hobgoblin closely misses Duvessa.
What are your orders? t - Shout!
Orders for allies: a - Attack new target. p - Attack previous target. r - Retreat! s - Stop attacking. g - Guard the area. f - Follow me.
Anything else - Cancel.
Gang up on whom?
Press: ? - help, Dir - move target, f/p - Duvessa
Aim: Duvessa, wielding a +0 short sword and wearing a +0 ring mail (lightly wounded, ally target) Attack!
Duvessa hits you with a +0 short sword!
* * * LOW HITPOINT WARNING * * *
Your hobgoblin hits Duvessa but does no damage.
Your iguana closely misses Duvessa.
Your black bear bites Duvessa but does no damage.
Your black bear claws Duvessa but does no damage.
Your black bear closely misses Duvessa.
You feel better. Duvessa hits you with a +0 short sword.
* * * LOW HITPOINT WARNING * * *
Your black bear bites Duvessa.
Your black bear claws Duvessa.
Your black bear claws Duvessa but does no damage.
Your hobgoblin hits Duvessa.
Your iguana bites Duvessa.
Duvessa attacks as you move away! Duvessa hits you with a +0 short sword!
You die...

....... ...............
######. #.# ......# #
#e# ...##.# .# #g#
...##.#####.# #.#
...##.#.....# #e#
...##.......######.#
............+...geh##
....###.###.###.@l..#
....##...##.# #.....#
....#.....#.###.....#..
....#.......+..........
....#.....#.#.#.....#.#
....##...##...#.....#.#
....#######.###.....# #
##. ...# #.....# ...
.....# #.....#


You could see Duvessa (ally target), Dowan, a friendly black bear (summoned), a
friendly iguana (summoned) and a friendly hobgoblin (summoned).

Vanquished Creatures
  A scorpion (D:4)
  An orc priest (D:3)
  Ijyb (D:3)
  An adder (D:3)
  4 gnolls (D:2)
  A worm (D:2)
  4 dart slugs
  3 orcs (D:3)
  4 bats
  5 endoplasms
  A giant cockroach (D:2)
  5 goblins
  6 hobgoblins
  3 quokkas
  4 ball pythons
  2 frilled lizards
  6 kobolds
  2 rats
54 creatures vanquished.

Notes
Turn   | Place    | Note
-------+----------+-------------------------------------------
     0 | D:1      | DemonSlayer the Demonspawn Earth Elementalist began the
                  | quest for the Orb.
     0 | D:1      | Reached XP level 1. HP: 13/13 MP: 3/3
    72 | D:1      | Found a faded altar of an unknown god.
    91 | D:1      | Reached skill level 3 in Earth Magic
   156 | D:1      | Gained mutation: You have sharp fingernails. [demonic
                  | ancestry]
   156 | D:1      | Reached XP level 2. HP: 19/19 MP: 5/5
   302 | D:1      | Found Hedu's General Store.
   305 | D:1      | Bought 6 datura-tipped darts for 33 gold pieces
   637 | D:1      | Learned a level 2 spell: Passwall
   664 | D:2      | Reached XP level 3. HP: 24/24 MP: 6/6
  1095 | D:2      | Reached XP level 4. HP: 16/30 MP: 5/8
  1315 | D:2      | Reached skill level 1 in Armour
  1969 | D:3      | Noticed Ijyb
  2013 | D:3      | Killed Ijyb
  2074 | D:3      | Reached skill level 4 in Earth Magic
  2074 | D:3      | Reached XP level 5. HP: 22/35 MP: 8/10
  2409 | D:3      | Learned a level 3 spell: Stone Arrow
  2414 | D:3      | Learned a level 4 spell: Petrify
  2838 | D:4      | Noticed Duvessa
  2838 | D:4      | Noticed Dowan
  2851 | D:4      | HP: 1/35 [Duvessa/+0 short sword (6)]
  2857 | D:4      | Slain by Duvessa

Illustrated notes

Levels and vault maps discovered:
D:1:      dpeg_arrival_rooms_b, layout_rooms, shapermc_ecumenical_altar_pompeii,
          serial_shops, nicolae_shop_hallway_stairs
D:2:      layout_loops_ring, minmay_misc_feat_nine_boxes
D:3:      layout_basic, serial_glass, glass_columns_c, glass_columns_a,
          grunt_decor_one_mirror, chequers_serial_rivers_room_a, minivault_25,
          dk_noncrumbling_4, uniq_ijyb
D:4:      layout_basic, minmay_temple_entry_waves, minmay_misc_feat_enclosed,
          minmay_misc_feat_chi, uniq_duvessa

Skill      XL: |  1  2  3  4 |
---------------+-------------+-----
Earth Magic    | 3 4 |  4.3
Spellcasting   | 3 |  3.6
Armour         | 1 |  1.8
Fighting       | |  0.1
Dodging        | |  1.9
Stealth        | |  1.9
Transmutations | |  0.8

Action                   |  1- 3 |  4- 6 || total
-------------------------+-------+-------++-------
Melee: Whip              |     3 |    10 ||    13
 Cast: Sandblast         |    45 |    66 ||   111
  Use: Scroll            |       |    11 ||    11
       Potion            |       |     3 ||     3
Armor: Leather armour    |     4 |    10 ||    14
       Robe              |     1 |       ||     1
Dodge: Dodged            |     7 |    35 ||    42
Block: Buckler           |     3 |     7 ||    10
